Map: [ESL] Crimson Court

Players

Future

  • Race: Terran Terran
  • Spawn Location: 7:00

Astrea - Winner!

  • Race: Protoss Protoss
  • Spawn Location: 1:00

Event: ESL SC2 Masters 2024 Spring (Regional)

VOD

Have the link to the VOD?

Description

Time

  • Played on: May 4, 2024, 4:06 p.m.
  • Length: 8:41

All games in this series

Show
View Real Time Build Order
Export as new Build Order

Future Terran 

Build Orders:  

Get SALT Encoding   

  12  0:00  SCV  
  13  0:12  SCV  
  14  0:16  Supply Depot  
  14  0:24  SCV  
  15  0:38  SCV  
  15  0:39  Barracks  
  16  0:42  Refinery  
  16  0:50  SCV  
  17  0:57  Barracks  
  17  1:02  SCV  
  18  1:10  Supply Depot  
  18  1:14  SCV  
  19  1:26  Reaper  
  19  1:31  Orbital Command  
  20  1:37  Refinery  
  20  1:45  Reaper  
  21  1:57  SCV  
  21  1:58  Marine  
  23  2:09  SCV  
  23  2:10  Supply Depot  
  23  2:12  Factory  
  24  2:21  SCV  
  26  2:25  Barracks Reactor  
  25  2:30  Barracks Tech Lab  
  25  2:33  SCV  
  26  2:49  SCV  
  27  2:57  Barracks  
  27  2:59  Barracks Tech Lab  
  27  3:02  Marine x2  
  27  3:04  Siege Tank  
  32  3:10  Supply Depot  
  32  3:19  Marauder  
  34  3:20  Concussive Shells  
  34  3:23  Marine x2  
  35  3:36  Siege Tank  
  35  3:41  Marine x2, Marauder  
  40  3:42  Supply Depot  
  40  3:46  Marine  
  43  3:59  Marine x2  
  43  4:02  Marauder  
  47  4:04  Marine  
  47  4:08  Siege Tank  
  50  4:18  Marine  
  50  4:20  Marine  
  50  4:23  Marauder  
  50  4:32  Marine  
  50  4:36  Marine  
  49  4:47  Siege Tank  
  46  5:02  Marine x2  
  46  5:03  Marine  
  48  5:11  Marine  
  49  5:20  Marine  
  37  5:29  Marine  
  37  5:30  Siege Tank  
  39  5:37  Marine x2  
  39  5:41  Marine  
  42  6:00  Marauder, Marine x2  
  42  6:10  Marine  
  36  6:17  Marine  
  36  6:18  Marine  
  38  6:21  SCV  
  35  6:26  Stimpack  
  35  6:33  SCV  
  35  6:37  Marine x3  
  35  6:39  Marine  
  40  6:45  SCV  
  41  6:51  Siege Tank  
  44  6:56  Marine  
  44  6:57  Marine  
  44  6:59  Marine  
  47  7:05  Marauder  
  49  7:14  Marine x2  
  51  7:17  Marine  
  52  7:23  Siege Tank  
  55  7:35  Marine  
  56  7:41  Marine x2  
  56  7:42  Marine  
  57  8:03  Siege Tank  
Show
View Real Time Build Order
Export as new Build Order

Astrea Protoss - Winner!

Build Orders: 1 Gate Expand 

Get SALT Encoding   

  12  0:00  Probe  
  13  0:12  Probe  
  14  0:17  Pylon  
  14  0:24  Probe (Chrono Boost)  
  15  0:36  Probe (Chrono Boost)  
  15  0:37  Gateway  
  16  0:44  Probe (Chrono Boost)  
  16  0:45  Assimilator  
  17  0:51  Probe  
  18  1:03  Probe  
  19  1:15  Probe  
  20  1:27  Nexus  
  20  1:33  Cybernetics Core  
  20  1:37  Probe  
  21  1:42  Assimilator  
  21  1:49  Probe  
  21  1:52  Pylon  
  22  2:01  Probe  
  23  2:10  Sentry (Chrono Boost)  
  23  2:11  Warp Gate  
  23  2:13  Probe (Chrono Boost)  
  26  2:17  Gateway  
  27  2:23  Probe (Chrono Boost)  
  27  2:28  Probe (Chrono Boost)  
  27  2:31  Stalker (Chrono Boost)  
  30  2:39  Probe x2  
  28  2:51  Probe x2  
  28  2:53  Stalker (Chrono Boost)  
  32  3:04  Stalker  
  32  3:05  Probe  
  35  3:06  Probe  
  36  3:17  Probe  
  36  3:18  Probe  
  37  3:27  Robotics Facility  
  37  3:29  Probe  
  37  3:31  Probe  
  40  3:41  Probe (Chrono Boost)  
  40  3:43  Probe (Chrono Boost)  
  40  3:48  Twilight Council  
  41  3:51  Probe (Chrono Boost)  
  41  3:52  Probe (Chrono Boost)  
  41  3:55  Shield Battery  
  43  3:57  Pylon  
  45  4:04  Shield Battery x2  
  45  4:05  Pylon  
  43  4:11  Stalker  
  43  4:16  Stalker  
  45  4:20  Immortal  
  47  4:38  Stalker  
  49  4:40  Stalker  
  47  4:56  Immortal (Chrono Boost)  
  47  5:04  Stalker x2  
  51  5:07  Gateway  
  51  5:10  Gateway  
  51  5:12  Gateway  
  31  5:32  Stalker  
  37  5:37  Shield Battery  
  37  5:38  Pylon  
  37  5:46  Immortal (Chrono Boost)  
  37  5:48  Pylon  
  37  6:00  Stalker  
  35  6:13  Stalker x2  
  39  6:23  Immortal (Chrono Boost), Probe x2  
  37  6:26  Zealot  
  43  6:35  Probe  
  43  6:39  Stalker x2  
  48  6:41  Probe  
  49  6:47  Probe  
  49  6:50  Zealot  
  49  6:51  Observer  
  49  6:53  Probe  
  53  7:00  Probe, Shield Battery  
  55  7:03  Zealot  
  55  7:05  Sentry  
  59  7:10  Probe  
  59  7:13  Stalker  
  62  7:19  Probe  
  62  7:22  Warp Prism (Chrono Boost)  
  64  7:27  Probe  
  66  7:31  Pylon, Probe  
  67  7:37  Observer  
  67  7:38  Twilight Council  
  67  7:47  Zealot  
  69  7:57  Immortal (Chrono Boost)  
  73  8:02  Zealot x2  
  77  8:07  Shield Battery  
  77  8:09  Shield Battery  
  77  8:11  Zealot  
  61  8:24  Stalker x2  
  48  8:27  Probe  
Tags
 
Add a new tag
Caveats
  • Supply blocks, unpowered buildings, or Contaminate may cause inaccurate times.
  • Supply counts are checked every 10 seconds.